 Dungeon Crawl Stone Soup version bcrawl-1.12.2 (webtiles) character file.

Game seed: 11242843298801162939

3479 MisterOstroum the Archer (level 9, 0/71 HPs)
             Began as a Demonspawn Archaeologist on July 17, 2019.
             Was a Follower of Okawaru.
             Slain by a wight
             ... wielding a +4 great sword
              (2 damage)
             ... on level 6 of the Dungeon.
             The game lasted 00:17:47 (6685 turns).

MisterOstroum the Archer (Demonspawn Archaeologist) Turns: 6685, Time: 00:17:47

Health: 0/71       AC:  8    Str: 11    XL:     9   Next: 79%
Magic:  11/11      EV:  9    Int: 21    God:    Okawaru [*.....]
Gold:   312        SH:  0    Dex: 15    Spells: 8/8 levels left

rFire    . . .     SeeInvis +   b - +0 morningstar
rCold    . . .     Gourm    .   (no shield)
rNeg     . . .     Faith    .   h - +0 scale mail
rPois    .         Spirit   .   (helmet unavailable)
rElec    .         Reflect  .   (no cloak)
rCorr    .         Harm     .   (no gloves)
MR       .....                  d - +1 pair of boots
Stlth    +.........             (no amulet)
HPRegen  0.21/turn              (no ring)
MPRegen  0.12/turn              (no ring)

@: brilliant, hasted, drained, very quick
A: antennae 3, spiny 2
a: Heroism, Renounce Religion


You were on level 6 of the Dungeon.
You worshipped Okawaru.
Okawaru was aware of your devotion.
You were not hungry.

You visited 2 branches of the dungeon, and saw 7 of its levels.

You collected 312 gold pieces.

Inventory:

Hand Weapons
 a - the +8 longbow "Zephyr" {speed, Dex+3 SInv} Attacks with this weapon are significantly faster. It affects your dexterity (+3). It lets you see invisible.
 b - a +0 morningstar (weapon)
Missiles
 j - 1558 stones (quivered)
 t - 221 arrows
Armour
 d - a +1 pair of boots (worn)
 h - a +0 scale mail (worn)
 D - a +0 cloak
Wands
 s - a wand of acid (21)
 u - a wand of polymorph (10)
 w - a wand of paralysis (11)
 A - a wand of flame (11)
Scrolls
 c - a scroll of amnesia
 i - a scroll of immolation {unknown}
 k - 6 scrolls of remove curse
 l - a scroll of enchant armour {unknown}
 p - 4 scrolls of identify
 q - a scroll of fog {!r}
 r - a scroll of blinking {unknown}
 v - a scroll of magic mapping {@r5 !r}
 y - 4 scrolls of teleportation {@r3 !r}
 B - a scroll of vulnerability {unknown}
Potions
 m - 2 potions of agility {unknown}
 n - 2 potions of flight {unknown}
 o - 3 potions of curing {@q1 !q}
 x - a potion of heal wounds {unknown}
 z - a potion of degeneration {unknown}
Comestibles
 e - 8 rations {!d}
 C - 6 chunks of flesh


   Skills:
 + Level 6.4(5.6) Fighting
 - Level 3.5(2.7) Maces & Flails
 * Level 11.1(10.2) Bows
 + Level 3.4(2.6) Dodging
 - Level 3.0(2.2) Stealth
 + Level 2.8(2.0) Invocations


You had 8 spell levels left.
You didn't know any spells.
Your spell library contained the following spells:

 Spells                   Type           Power        Failure   Level  Hunger
 Freeze                   Ice            ##....       13%         1    ##.....
 Throw Frost              Conj/Ice       ##....       17%         2    ###....
 Ozocubu's Armour         Chrm/Ice       ##......     32%         3    ####...
 Summon Ice Beast         Ice/Summ       ##......     67%         4    #####..
 Throw Icicle             Conj/Ice       ##......     67%         4    #####..
 Irradiate                Conj/Tmut      ##........   91%         5    ######.
 Tree Form                Hex/Tmut       N/A          91%         5    ######.
 Statue Form              Tmut/Erth      ##.......    100%        6    #######
 Dragon Form              Tmut           ##.....      100%        7    #######
 Necromutation            Tmut/Necr      ##......     100%        8    #######


Dungeon Overview and Level Annotations

Branches:
Dungeon (6/12)             Temple (1/1) D:4

Altars:
Ashenzari
Cheibriados
Dithmenos
Elyvilon
Fedhas
Gozag
Kikubaaqudgha
Lugonu
Makhleb
Nemelex Xobeh
Okawaru
Sif Muna
Trog
Uskayaw
Vehumet
Wu Jian
Xom
Yredelemnul
The Shining One


Innate Abilities, Weirdness & Mutations

You have a pair of large antennae on your head. (SInv)
You are mostly covered in sharp spines.


Message History

Aim: a wight, wielding a +5 mace and wearing a +0 robe (hasn't noticed you)
You shoot an arrow. The arrow closely misses the wight.
You hear a screech!
You hear an angry hiss.
An iguana comes into view.
The wight throws a stone.
The stone hits you.
Firing (i - inventory. (/) - cycle)
t - 225 arrows (quivered)
Press: ? - help, Shift-Dir - straight line, f/p - wight
Aim: a wight, wielding a +5 mace and wearing a +0 robe You shoot an arrow.
The arrow hits the wight!
You destroy the wight!
Okawaru accepts your kill.
Firing (i - inventory. (/) - cycle)
t - 224 arrows (quivered)
Press: ? - help, Shift-Dir - straight line, f - iguana
Aim: an iguana You shoot an arrow.
The arrow hits the iguana.
The iguana is moderately wounded.
A wight comes into view. It is wielding a +4 great sword.
Firing (i - inventory. (/) - cycle)
t - 223 arrows (quivered)
Press: ? - help, Shift-Dir - straight line, f/p - iguana
Aim: an iguana (moderately wounded)
You shoot an arrow. The arrow hits the hippogriff!!
The hippogriff is heavily wounded.
The hippogriff bites you. The hippogriff pecks you.
The hippogriff closely misses you.
Firing (i - inventory. (/) - cycle)
t - 222 arrows (quivered)
Press: ? - help, Shift-Dir - straight line, f/p - hippogriff
Aim: a hippogriff (heavily wounded)
You shoot an arrow. The arrow barely misses the hippogriff.
The arrow hits the iguana!
The iguana is severely wounded.
You hear a screech!
Wield which item (- for none, * to show all)? (? for menu, Esc to quit)
You are now empty-handed.
The hippogriff bites you. The hippogriff barely misses you.
The hippogriff claws you but does no damage.
Wield which item (- for none, * to show all)? (? for menu, Esc to quit)
b - a +0 morningstar (weapon)
You sock the hippogriff!
The hippogriff is heavily wounded.
The hippogriff closely misses you.
The hippogriff pecks you but does no damage.
The hippogriff claws you.
A hippogriff comes into view.
The hippogriff bites you.
The hippogriff pecks you but does no damage.
The hippogriff completely misses you.
You thump the hippogriff!
The hippogriff is severely wounded.
The hippogriff barely misses you. x2; The hippogriff closely misses you.
Your scale mail prevents you from hitting the hippogriff.
The hippogriff is severely wounded.
The iguana hisses menacingly.
The hippogriff is struck by your spines.
The hippogriff bites you. The hippogriff pecks you. The hippogriff claws you.
You are too injured to fight recklessly!
You are too injured to fight recklessly!
You are too injured to fight recklessly!
Wield which item (- for none, * to show all)? (? for menu, Esc to quit)
Okay, then.
Wield which item (- for none, * to show all)? (? for menu, Esc to quit)
Your hands tingle!
a - the +8 longbow "Zephyr" (weapon)
{speed, Dex+3 SInv} The hippogriff bites you.
The hippogriff pecks you.
The hippogriff claws you but does no damage.
Wield which item (- for none, * to show all)? (? for menu, Esc to quit)
b - a +0 morningstar (weapon)
You sock the hippogriff!
The hippogriff is almost dead.
The hippogriff bites you.
The hippogriff pecks you but does no damage.
The hippogriff claws you but does no damage.
You sock the hippogriff!
You kill the hippogriff!
Okawaru is honoured by your kill.
There is a stone staircase leading down here.
Things that are here:
a +0 flail; a +0 ring mail; an orc skeleton
Items here: ))) [ รท a cursed -2 whip; a +0 hand axe; a +0 battleaxe; a +0 chain mail an orc skeleton Some of the chunks of flesh in your inventory have rotted away.
The wight hits you with a +4 great sword!
The hippogriff screeches!
You see here a hippogriff corpse.
There is a stone staircase leading down here.
The wight is struck by your spines.
The wight hits you with a +4 great sword!
* * * LOW HITPOINT WARNING * * *
You feel drained.
* * * LOW HITPOINT WARNING * * *
It was a potion of brilliance.
You feel clever all of a sudden.
Really quaff
g - a potion of haste {@q4 !q}? [Y]es or [N]o only, please.
Really quaff
g - a potion of haste {@q4 !q}?
You feel yourself speed up.
The wight hits you with a +4 great sword!
* * * LOW HITPOINT WARNING * * *
You feel drained.
You die...

##...## #.# ##.## *, ##.##
#.##########...######,
#.#####.......z..z.........,
#......###########...#####**
######.# ##.## #.#
#.######## #.# #........z
#.#####################
#[).).@zlz.H.>....##
################...####
#..zH... #...#### #####


You could see a hippogriff, an iguana and 2 wights.

Vanquished Creatures
  The ghost of yrara the Basher, a novice DsFi (D:5)
  A hippogriff (D:6)
  Prince Ribbit (D:6)
  Sigmund (D:2)
  Eustachio (D:5)
  An orc warrior (D:6)
  2 black bears (D:6)
  2 ice beasts
  A sky beast (D:5)
  2 ogres (D:6)
  2 phantoms
  2 centaurs
  A big kobold (D:6)
  Blork the orc (D:5)
  A bullfrog (D:6)
  A wyvern skeleton (D:6)
  4 killer bees
  2 wights (D:6)
  3 howler monkeys
  A crimson imp (D:6)
  3 hounds
  A centaur zombie (D:6)
  5 orc priests
  A centaur skeleton (D:3)
  3 orc wizards
  Natasha (thrice) (D:4)
  7 worker ants
  A worker ant zombie (D:6)
  A river rat (D:6)
  2 adders (D:4)
  A shadow imp (D:6)
  An ooze (D:2)
  An adder zombie (D:5)
  5 worms
  4 dart slugs
  4 leopard geckos
  24 orcs
  2 giant cockroaches (D:2)
  9 goblins
  7 hobgoblins
  13 jackals
  4 quokkas
  2 bats
  6 frilled lizards
  11 kobolds
  A quokka skeleton (D:6)
  6 rats
159 creatures vanquished.

Notes
Turn   | Place    | Note
-------+----------+-------------------------------------------
     0 | D:1      | MisterOstroum the Demonspawn Archaeologist began the quest
                  | for the Orb.
     0 | D:1      | Reached XP level 1. HP: 15/15 MP: 1/1
    31 | D:1      | Reached skill level 1 in Maces & Flails
   310 | D:1      | Gained mutation: You have a pair of small antennae on your
                  | head. [demonic ancestry]
   310 | D:1      | Reached XP level 2. HP: 20/21 MP: 2/2
  1236 | D:2      | Gained mutation: You have a pair of antennae on your head.
                  | [demonic ancestry]
  1236 | D:2      | Reached XP level 3. HP: 21/27 MP: 3/3
  1577 | D:2      | Noticed Sigmund
  1603 | D:2      | Reached skill level 1 in Bows
  1765 | D:3      | Noticed a centaur
  1779 | D:3      | Killed a centaur
  1779 | D:3      | Reached skill level 3 in Bows
  1779 | D:3      | Reached XP level 4. HP: 20/34 MP: 4/4
  2068 | D:2      | Gained mutation: You are partially covered in sharp spines.
                  | [demonic ancestry]
  2068 | D:2      | Reached XP level 5. HP: 30/40 MP: 5/5
  2298 | D:3      | Found a snail-covered altar of Cheibriados.
  2574 | D:3      | Found a glowing golden altar of the Shining One.
  2738 | D:3      | Reached skill level 4 in Bows
  2956 | D:4      | Reached skill level 5 in Bows
  2956 | D:4      | Gained mutation: You have a pair of large antennae on your
                  | head. (SInv) [demonic ancestry]
  2956 | D:4      | Reached XP level 6. HP: 38/47 MP: 6/6
  3079 | D:4      | Reached skill level 6 in Bows
  3225 | D:4      | Found a staircase to the Ecumenical Temple.
  3234 | Temple   | Entered the Ecumenical Temple
  3452 | D:4      | Gained mutation: You are mostly covered in sharp spines.
                  | [demonic ancestry]
  3452 | D:4      | Reached XP level 7. HP: 55/55 MP: 7/7
  3506 | D:4      | Noticed Natasha
  3518 | D:4      | Killed Natasha
  3576 | D:4      | Noticed Natasha
  3581 | D:4      | Killed Natasha
  3622 | D:4      | Noticed Natasha
  3624 | D:4      | Killed Natasha
  3985 | D:2      | Found a glowing golden altar of the Shining One.
  4091 | D:2      | Killed Sigmund
  4091 | D:2      | Reached skill level 5 in Fighting
  4091 | D:2      | Reached skill level 7 in Bows
  4357 | D:5      | Entered Level 5 of the Dungeon
  4369 | D:4      | Reached XP level 8. HP: 40/62 MP: 8/8
  4542 | D:5      | Reached skill level 8 in Bows
  4620 | D:5      | Noticed Eustachio
  4652 | D:6      | Noticed a hippogriff
  4698 | D:5      | Killed Eustachio
  4698 | D:5      | Reached skill level 9 in Bows
  4820 | D:5      | Found a sparkling altar of Nemelex Xobeh.
  4829 | D:5      | Found an ancient bone altar of Kikubaaqudgha.
  4830 | D:5      | Found an opulent altar of Gozag.
  4831 | D:5      | Found a deep blue altar of Sif Muna.
  4833 | D:5      | Found a burning altar of Makhleb.
  5019 | D:5      | Noticed Blork the orc
  5021 | D:5      | Killed Blork the orc
  5056 | D:5      | Found a radiant altar of Vehumet.
  5131 | D:5      | Found a large runed translucent door.
  5131 | D:5      | Found a large runed translucent door.
  5132 | D:5      | Noticed yrara's ghost (novice DsFi)
  5162 | D:5      | Killed yrara's ghost
  5162 | D:5      | Reached skill level 10 in Bows
  5162 | D:5      | Reached XP level 9. HP: 16/68 MP: 9/9
  5484 | D:5      | Found an iron altar of Okawaru.
  5495 | D:5      | Became a worshipper of Warmaster Okawaru
  5587 | D:5      | Found a shadowy altar of Dithmenos.
  5703 | D:6      | Noticed Prince Ribbit
  5712 | D:6      | Killed Prince Ribbit
  5857 | D:6      | Found a shimmering altar of Xom.
  6280 | D:6      | Reached * piety under Okawaru
  6294 | D:6      | Reached skill level 1 in Invocations
  6487 | D:6      | Reached skill level 11 in Bows
  6685 | D:6      | HP: 2/71 [wight/+4 great sword (14)]
  6685 | D:6      | Slain by a wight

Skill      XL: |  1  2  3  4  5  6  7  8  9 |
---------------+----------------------------+-----
Maces & Flails | 1 2 3 |  3.5
Fighting       | 2 3 4 5 6 |  6.4
Bows           | 3 5 6 7 10 11 | 11.1
Invocations    | 2 |  2.8
Dodging        | 3 |  3.4
Stealth        | |  3.0

Action                   |  1- 3 |  4- 6 |  7- 9 || total
-------------------------+-------+-------+-------++-------
Melee: Whip              |   153 |   103 |       ||   256
       Mace              |       |    39 |       ||    39
       Flail             |       |     4 |       ||     4
       Morningstar       |       |    16 |    37 ||    53
 Fire: Shortbow          |       |    45 |       ||    45
       Longbow           |       |     7 |   213 ||   220
Throw: Stone             |    82 |    51 |     3 ||   136
  Use: Potion            |       |     4 |     2 ||     6
       Scroll            |       |       |     5 ||     5
 Stab: Sleeping          |     1 |       |       ||     1
  Eat: Chunk             |     3 |     5 |     7 ||    15
       Ration            |       |       |     1 ||     1
Armor: Robe              |    35 |    34 |       ||    69
       Skin              |       |    26 |       ||    26
       Ring mail         |       |    14 |       ||    14
       Scale mail        |       |     9 |    40 ||    49
Dodge: Dodged            |    92 |   104 |    47 ||   243
